 Dungeon Crawl Stone Soup version 0.27-a0-1325-g58a489ad9e (webtiles) character file.

Game seed: 1887633589942991857

17 funkygono the Gusty (level 2, -3/15 HPs)
             Began as a Tengu Air Elementalist on June 25, 2021.
             Killed from afar by Natasha (8 damage)
             ... with a magic dart
             ... on level 2 of the Dungeon.
             The game lasted 00:02:16 (997 turns).

funkygono the Gusty (Tengu Air Elementalist)         Turns: 997, Time: 00:02:17

Health: -3/15      AC:  3    Str:  8    XL:     2   Next: 62%
Magic:  1/6        EV: 12    Int: 15    God:
Gold:   20         SH:  0    Dex: 14    Spells: 2/5 levels left

rFire    . . .     SeeInvis .   c - +0 short sword
rCold    . . .     Faith    +   (no shield)
rNeg     . . .     Spirit   .   a - +0 robe
rPois    .         Reflect  .   (helmet restricted)
rElec    .         Harm     .   (no cloak)
rCorr    .         Rampage  .   e - +0 pair of gloves
Will     .....                  (boots unavailable)
Stlth    ++........             f - amulet of faith
HPRegen  0.05/turn              g - ring of flight
MPRegen  0.10/turn              (no ring)

@: flying, slowed, very slow
A: beak, talons 3
a: no special abilities


You were on level 2 of the Dungeon.
You visited 1 branch of the dungeon, and saw 2 of its levels.

You collected 20 gold pieces.

Inventory:

Hand Weapons
 c - a +0 short sword (weapon)
Armour
 a - a +0 robe (worn)
 e - a +0 pair of gloves (worn)
Jewellery
 f - an amulet of faith (around neck)
 g - a ring of flight (left hand)
Potions
 b - a potion of ambrosia {unknown}
 d - a potion of curing


   Skills:
 + Level 2.2 Dodging
 - Level 2.0 Stealth
 + Level 2.3 Spellcasting
 + Level 1.8 Conjurations
 + Level 4.5 Air Magic


You had 2 spell levels left.
You knew the following spells:

 Your Spells              Type           Power      Damage    Failure   Level
a - Shock                 Conj/Air       44%        1d5       6%          1
b - Static Discharge      Conj/Air       11%        N/A       9%          2

Your spell library contained the following spells:

 Spells                   Type           Power      Damage    Failure   Level
 Swiftness                Air            15%        N/A       10%         3
 Airstrike                Air            7%         N/A       32%         4
 Lightning Bolt           Conj/Air       5%         1d17      85%         5


Dungeon Overview and Level Annotations

Branches:
Dungeon (2/15)

Altars:

Annotations:
D:2 Natasha


Innate Abilities, Weirdness & Mutations

You have a beak for a mouth.
You have claws for feet.


Message History

Your magical contamination has completely faded away.
Casting: Shock (safe; 6% risk of failure)
Confirm with . or Enter, or press ? or * to list all spells.
Aiming: Shock (safe; 6% risk of failure)
Press: ? - help, Shift-Dir - straight line, f/p - Natasha
Aim: Natasha (moderately wounded, fast, 60% to hit)
The zap misses Natasha.
Unknown command.
Casting: Shock (safe; 6% risk of failure)
Confirm with . or Enter, or press ? or * to list all spells.
Aiming: Shock (safe; 6% risk of failure)
Press: ? - help, Shift-Dir - straight line, f/p - Natasha
Aim: Natasha (moderately wounded, fast, 60% to hit)
The zap hits Natasha.
Natasha is moderately wounded.
Natasha misses you.
Unknown command.
You closely miss Natasha.
Natasha is moderately wounded.
Natasha claws you. x2
You hit Natasha.
Natasha is heavily wounded.
Natasha wildly gestures.
Natasha shimmers violently.
Natasha closely misses you.
The crimson imp blinks!
Natasha closely misses you.
You hit Natasha.
Natasha is severely wounded.
Natasha casts a spell at you.
You feel yourself slow down.
The crimson imp shouts, "Back with thee, thou villainous fly-bitten gonus!"
Natasha stares at you and mumbles some strange words.
You feel as though you will be slow longer.
The crimson imp blinks!
Natasha casts a spell at you. You resist with significant effort.
The crimson imp blinks!
Natasha stares at you and mumbles some strange words.
The magic dart hits you!
Ouch! That really hurt!
You die...

.................
#......<#.........
#............♣♣♣..
...#.#.####..........
...#.#.## #....♣♣....
.........# #......♣...
.........# #..........
#...#....###..........
#..........#..@###.##.
........#.#..........
.........§...h>#######
....##...#.#.#.#
............§#.#
#######.#..#.#.#
.#######.#..#.#.#
.....5h.........#
.###.###.#..#.#.#


You could see Natasha (fast).

Vanquished Creatures
  A ball python (D:2)
  A bat (D:1)
  3 endoplasms (D:1)
  A giant cockroach (D:1)
  3 hobgoblins
  A frilled lizard (D:1)
  3 goblins (D:1)
  A kobold (D:1)
14 creatures vanquished.

Notes
Turn   | Place    | Note
-------+----------+-------------------------------------------
     0 | D:1      | funkygono the Tengu Air Elementalist began the quest for
                  | the Orb.
     0 | D:1      | Reached XP level 1. HP: 10/10 MP: 4/4
   174 | D:1      | Reached XP level 2. HP: 15/15 MP: 1/6
   269 | D:1      | Learned a level 2 spell: Static Discharge
   551 | D:1      | Found a faded altar of an unknown god.
   978 | D:2      | Noticed Natasha
   984 | D:2      | Noticed a crimson imp
   985 | D:2      | Noticed a crimson imp
   997 | D:2      | Killed from afar by Natasha

Illustrated notes

Levels and vault maps discovered:
D:1:      minmay_arrival_jagged, layout_basic, hellmonk_ecumenical_altar_zigzags
D:2:      layout_basic, basic_altar, chequers_garden, minmay_bisected,
          uniq_jessica, uniq_natasha

Action                   || total
-------------------------++-------
Melee: Short sword       ||     3
 Cast: Shock             ||    35
  Use: Scroll            ||     4
Dodge: Dodged            ||     7

Table legend: (Time is in decaauts)
 A = Elapsed time spent in this place.
 B = Non-inter-level travel time spent in this place.
 C = Inter-level travel time spent in this place.
 D = Time resting spent in this place.
 E = Time spent auto-exploring this place.
 F = Levels seen in this place.
 G = Mean time per level.
                   A        B        C        D        E       F      G
               +--------+--------+--------+--------+--------+-----+--------+
         Total |    996 |    994 |      2 |     54 |    794 |   2 |  498.0 |
       Dungeon |    996 |    994 |      2 |     54 |    794 |   2 |  498.0 |
               +--------+--------+--------+--------+--------+-----+--------+

Top non-repeatable levels by time:
     D:1: 906 daAuts
     D:2: 90 daAuts
